SNL (28 & UNDER)
MEMPHIS BLUES @ SALEM SILVER SOULS
08/17/2027
 
TOP OF THE 1ST
Memphis Blues batting - Pitching for Salem Silver Souls : RHP Clark Noble
Pitching: RHP Clark Noble
Batting: RHB Peyton Pennington 0-0: Ball
1-0: Foul Ball, location: 2F
1-1: Ball
2-1: Foul Ball, location: 2F
2-2: Foul Ball, location: 2F
2-2: Foul Ball, location: 2F
2-2: Foul Ball, location: 2F
2-2: Strikes out swinging
Batting: RHB Jorge Domínguez 0-0: Foul Ball, location: 2F
0-1: Foul Ball, location: 2F
0-2: Strikes out looking
Batting: RHB Glenn Melican 0-0: Called Strike
0-1: Ball
1-1: Called Strike
1-2: Ball
2-2: Foul Ball, location: 2F
2-2: Ball
3-2: SINGLE (Flyball, 7LM)
Batting: LHB Alan McGilroy 0-0: Foul Ball, location: 2F
0-1: Ball
1-1: Called Strike
1-2: Strikes out swinging
Top of the 1st over - 0 run(s), 1 hit(s), 0 error(s), 1 left on base; Memphis 0 - Salem 0
BOTTOM OF THE 1ST
Salem Silver Souls batting - Pitching for Memphis Blues : RHP Miguel García
Pitching: RHP Miguel García
Batting: SHB Tony Yan 0-0: Called Strike
0-1: DOUBLE (Line Drive, 9D)
Batting: RHB Brian Dixon 0-0: Fly out, F4 (Line Drive, 4)
Batting: LHB Chance Santry 0-0: Ball
1-0: Ball
Tony Yan steals 3rd base
2-0: Called Strike
2-1: Fly out, F7 (Flyball, 7S)
Batting: LHB Nick Scott 0-0: Called Strike
0-1: Called Strike
0-2: Ground out 6-3 (Groundball, 6M)
Bottom of the 1st over - 0 run(s), 1 hit(s), 0 error(s), 1 left on base; Memphis 0 - Salem 0
TOP OF THE 2ND
Memphis Blues batting - Pitching for Salem Silver Souls : RHP Clark Noble
Batting: RHB Artie Green 0-0: Swinging Strike
0-1: Foul Ball, location: 2F
0-2: Ball
1-2: Strikes out looking
Batting: RHB Chase Mueller 0-0: Swinging Strike
0-1: Called Strike
0-2: Foul Ball, location: 2F
0-2: Ball
1-2: Ground out 6-3 (Groundball, 6)
Batting: LHB John Foster 0-0: Foul Ball, location: 2F
0-1: Foul Ball, location: 2F
0-2: Ball
1-2: Foul Ball, location: 2F
1-2: Fly out, F6 (Popup, 56D)
Top of the 2nd over - 0 run(s), 0 hit(s), 0 error(s), 0 left on base; Memphis 0 - Salem 0
BOTTOM OF THE 2ND
Salem Silver Souls batting - Pitching for Memphis Blues : RHP Miguel García
Batting: LHB Ezechiele Bruno 0-0: Ball
1-0: Called Strike
1-1: Ground out U3 (Groundball, 34)
Batting: RHB Gustavo Pagán 0-0: Ball
1-0: Called Strike
1-1: Ball
2-1: Ball
3-1: Base on Balls
Batting: LHB Hamilton Hughes 0-0: Ball
1-0: SINGLE (Popup, 6D)
Gustavo Pagán to second
Batting: RHB Augusto Baiano 0-0: Called Strike
0-1: Ball
1-1: Ball
2-1: Ball
3-1: Base on Balls
Gustavo Pagán to third
Hamilton Hughes to second
Batting: RHB Jaime Rodríguez 0-0: Foul Ball, location: 2F
0-1: Ball
1-1: Grounds into double play, 6-4-3 (Groundball, 6)
Bottom of the 2nd over - 0 run(s), 1 hit(s), 0 error(s), 2 left on base; Memphis 0 - Salem 0
TOP OF THE 3RD
Memphis Blues batting - Pitching for Salem Silver Souls : RHP Clark Noble
Batting: LHB Mark Folger 0-0: Called Strike
0-1: Fly out, F4 (Line Drive, 4M)
Batting: RHB David Crespo 0-0: Ball
1-0: Ball
2-0: Fly out, F7 (Flyball, 7LM)
Batting: RHB Peyton Pennington 0-0: Called Strike
0-1: Ball
1-1: Called Strike
1-2: Foul Ball, location: 2F
1-2: Ball
2-2: Ball
3-2: SINGLE (Groundball, 34D)
Batting: RHB Jorge Domínguez 0-0: Ball
1-0: Swinging Strike
1-1: Fly out, F8 (Flyball, 8LM)
Top of the 3rd over - 0 run(s), 1 hit(s), 0 error(s), 1 left on base; Memphis 0 - Salem 0
BOTTOM OF THE 3RD
Salem Silver Souls batting - Pitching for Memphis Blues : RHP Miguel García
Batting: SHB Tony Yan 0-0: Ball
1-0: Ground out U3 (Groundball, 34S)
Batting: RHB Brian Dixon 0-0: Ball
1-0: Ball
2-0: Fly out, F6 (Line Drive, 6M)
Batting: LHB Chance Santry 0-0: Foul Ball, location: 2F
0-1: Ball
1-1: Called Strike
1-2: Ball
2-2: Fly out, F5 (Popup, 56D)
Bottom of the 3rd over - 0 run(s), 0 hit(s), 0 error(s), 0 left on base; Memphis 0 - Salem 0
TOP OF THE 4TH
Memphis Blues batting - Pitching for Salem Silver Souls : RHP Clark Noble
Batting: RHB Glenn Melican 0-0: SOLO HOME RUN (Flyball, 7D), Distance : 399 ft
Batting: LHB Alan McGilroy 0-0: Ball
1-0: Called Strike
1-1: Ball
2-1: Swinging Strike
2-2: Reached on error, E9 (Flyball, 89M)
Batting: RHB Artie Green 0-0: Ball
1-0: Ball
2-0: Called Strike
2-1: Foul Ball, location: 2F
2-2: Foul Ball, location: 2F
2-2: Ground out 4-3 (Groundball, 4S)
Alan McGilroy to second
Pitching: RHP Patrick Williamson
Batting: RHB Chase Mueller 0-0: Ground out U3 (Groundball, 34)
Alan McGilroy to third
Batting: LHB John Foster 0-0: Called Strike
0-1: Ball
1-1: Foul Ball, location: 2F
1-2: Fly out, F8 (Flyball, 78D)
Top of the 4th over - 1 run(s), 1 hit(s), 1 error(s), 1 left on base; Memphis 1 - Salem 0
BOTTOM OF THE 4TH
Salem Silver Souls batting - Pitching for Memphis Blues : RHP Miguel García
Batting: LHB Nick Scott 0-0: DOUBLE (Flyball, 8RXD)
Batting: LHB Ezechiele Bruno 0-0: Called Strike
0-1: Ball
1-1: Swinging Strike
1-2: Foul Ball, location: 2F
1-2: TRIPLE (Line Drive, 8LD)
Nick Scott scores
Batting: RHB Gustavo Pagán 0-0: Fly out, F9 (Flyball, 9)
Runner from 3rd tags up, SCORES, throw made
Batting: LHB Hamilton Hughes 0-0: Foul Ball, location: 2F
0-1: Ground out 4-3 (Groundball, 34D)
Batting: RHB Augusto Baiano 0-0: Foul Ball, location: 2F
0-1: Ball
1-1: Ground out 6-3 (Groundball, 6)
Bottom of the 4th over - 2 run(s), 2 hit(s), 0 error(s), 0 left on base; Memphis 1 - Salem 2
TOP OF THE 5TH
Memphis Blues batting - Pitching for Salem Silver Souls : RHP Patrick Williamson
Batting: LHB Mark Folger 0-0: Ball
1-0: Ball
2-0: Called Strike
2-1: Called Strike
2-2: Ball
3-2: Strikes out swinging
Batting: RHB David Crespo 0-0: Called Strike
0-1: Swinging Strike
0-2: Ball
1-2: Foul Ball, location: 2F
1-2: Foul Ball, location: 2F
1-2: Ball
2-2: Foul Ball, location: 2F
2-2: Foul Ball, location: 2F
2-2: Strikes out looking
Batting: RHB Peyton Pennington 0-0: Foul Ball, location: 2F
0-1: Swinging Strike
0-2: Ball
1-2: Ball
2-2: Fly out, F8 (Flyball, 8LD)
Top of the 5th over - 0 run(s), 0 hit(s), 0 error(s), 0 left on base; Memphis 1 - Salem 2
BOTTOM OF THE 5TH
Salem Silver Souls batting - Pitching for Memphis Blues : RHP Miguel García
Batting: RHB Jaime Rodríguez 0-0: Ball
1-0: Reached on error, E6 (Groundball, 6)
Batting: SHB Tony Yan Pickoff Throw to First - Out!
0-0: Ball
1-0: Called Strike
1-1: Foul Ball, location: 2F
1-2: Foul Ball, location: 2F
1-2: Foul Ball, location: 2F
1-2: Ground out 1-3 (Groundball, P)
Batting: RHB Brian Dixon 0-0: Ball
1-0: Swinging Strike
1-1: Ball
2-1: Foul Ball, location: 2F
2-2: Ball
3-2: Base on Balls
Batting: LHB Chance Santry 0-0: Ball
1-0: Ball
2-0: 2-RUN HOME RUN (Flyball, 9D), Distance : 378 ft
Batting: LHB Nick Scott 0-0: Ball
1-0: Called Strike
1-1: Ball
2-1: Called Strike
2-2: SINGLE (Flyball, 89S)
Batting: LHB Ezechiele Bruno 0-0: Ball
1-0: Called Strike
1-1: Ball
2-1: Called Strike
2-2: DOUBLE (Flyball, 89XD)
Nick Scott to third
Runner from 3rd tries for Home, throw and OUT!
Bottom of the 5th over - 2 run(s), 3 hit(s), 1 error(s), 1 left on base; Memphis 1 - Salem 4
TOP OF THE 6TH
Memphis Blues batting - Pitching for Salem Silver Souls : RHP Patrick Williamson
Batting: RHB Jorge Domínguez 0-0: Ball
1-0: Foul Ball, location: 2F
1-1: SINGLE (Flyball, 8LS)
Batting: RHB Glenn Melican 0-0: Ball
1-0: Ball
2-0: Swinging Strike
2-1: SINGLE (Line Drive, 78S)
Jorge Domínguez to second
Batting: LHB Alan McGilroy 0-0: Ball
1-0: Called Strike
1-1: Swinging Strike
1-2: Strikes out looking
Batting: RHB Artie Green 0-0: Grounds into double play, 6-4-3 (Groundball, 6)
Top of the 6th over - 0 run(s), 2 hit(s), 0 error(s), 1 left on base; Memphis 1 - Salem 4
BOTTOM OF THE 6TH
Salem Silver Souls batting - Pitching for Memphis Blues : RHP Miguel García
Batting: RHB Gustavo Pagán 0-0: Ball
1-0: Fly out, F9 (Flyball, 9LS)
Batting: LHB Hamilton Hughes 0-0: Ball
1-0: Fly out, F9 (Flyball, 9)
Batting: RHB Augusto Baiano 0-0: Fly out, F9 (Flyball, 9LMF)
Bottom of the 6th over - 0 run(s), 0 hit(s), 0 error(s), 0 left on base; Memphis 1 - Salem 4
TOP OF THE 7TH
Memphis Blues batting - Pitching for Salem Silver Souls : RHP Patrick Williamson
Batting: RHB Chase Mueller 0-0: Ball
1-0: Called Strike
1-1: Ball
2-1: Foul Ball, location: 2F
2-2: Fly out, F3 (Line Drive, 3)
Batting: LHB John Foster 0-0: Ball
1-0: Ball
2-0: Ground out 4-3 (Groundball, 4)
Batting: LHB Mark Folger 0-0: Swinging Strike
0-1: Ball
1-1: Ball
2-1: Fly out, F7 (Flyball, 7S)
Top of the 7th over - 0 run(s), 0 hit(s), 0 error(s), 0 left on base; Memphis 1 - Salem 4
BOTTOM OF THE 7TH
Salem Silver Souls batting - Pitching for Memphis Blues : RHP Miguel García
Batting: RHB Jaime Rodríguez 0-0: Ball
1-0: Called Strike
1-1: Called Strike
1-2: Ground out 5-3 (Groundball, 56S)
Batting: SHB Tony Yan 0-0: Ball
1-0: DOUBLE (Flyball, 8LD)
Batting: RHB Brian Dixon 0-0: Ball
1-0: SINGLE (Line Drive, 56)
Tony Yan to third
Batting: LHB Chance Santry 0-0: Called Strike
0-1: Foul Ball, location: 2F
0-2: Fly out, F7 (Flyball, 7)
Runner from 3rd tags up, SCORES, no throw
Batting: LHB Nick Scott 0-0: Fly out, F7 (Flyball, 7LSF)
Bottom of the 7th over - 1 run(s), 2 hit(s), 0 error(s), 1 left on base; Memphis 1 - Salem 5
TOP OF THE 8TH
Memphis Blues batting - Pitching for Salem Silver Souls : RHP Patrick Williamson
Batting: RHB David Crespo 0-0: Ball
1-0: Ball
2-0: Called Strike
2-1: Foul Ball, location: 2F
2-2: Ball
3-2: Base on Balls
Pitching: RHP Andy Hickey
Batting: RHB Peyton Pennington 0-0: Ball
1-0: Fly out, F8 (Line Drive, 8LM)
Batting: RHB Jorge Domínguez 0-0: Foul Ball, location: 2F
0-1: DOUBLE (Line Drive, 7LM)
David Crespo to third
Pitching: RHP Mario Navarro
Batting: RHB Glenn Melican 0-0: Foul Ball, location: 2F
0-1: Called Strike
0-2: Foul Ball, location: 2F
0-2: Foul Ball, location: 2F
0-2: Ball
1-2: Foul Ball, location: 2F
1-2: Fly out, F7 (Flyball, 7S)
Pitching: RHP Phil Schroeder
Batting: LHB Alan McGilroy 0-0: Ball
1-0: Ball
2-0: Ball
3-0: Called Strike
3-1: Called Strike
3-2: Strikes out swinging
Top of the 8th over - 0 run(s), 1 hit(s), 0 error(s), 2 left on base; Memphis 1 - Salem 5
BOTTOM OF THE 8TH
Salem Silver Souls batting - Pitching for Memphis Blues : RHP Miguel García
Batting: LHB Ezechiele Bruno 0-0: Ball
1-0: Ball
2-0: Ball
3-0: Base on Balls
Pitching: RHP Dustin Taylor
Batting: RHB Gustavo Pagán 0-0: Bunted foul
0-1: Sac Bunt - play at first, batter OUT! 1-4
Ezechiele Bruno to second
Batting: LHB Hamilton Hughes 0-0: Intentional Walk
Batting: RHB Augusto Baiano 0-0: SINGLE (Line Drive, 9S)
Ezechiele Bruno to third
Hamilton Hughes to second
Batting: RHB Jaime Rodríguez 0-0: Called Strike
0-1: Ball
1-1: Foul Ball, location: 2F
1-2: SINGLE (Groundball, 56) (infield hit)
Ezechiele Bruno scores
Hamilton Hughes to third
Augusto Baiano to second
Pitching: LHP António Dávila
Batting: SHB Tony Yan 0-0: Fly out, F4 (Popup, 4MS)
Batting: RHB Brian Dixon 0-0: Ball
1-0: Ball
2-0: Ball
3-0: Called Strike
3-1: Fielders Choice at 2nd, 5-4 (Groundball, 56)
Bottom of the 8th over - 1 run(s), 2 hit(s), 0 error(s), 2 left on base; Memphis 1 - Salem 6
TOP OF THE 9TH
Memphis Blues batting - Pitching for Salem Silver Souls : RHP Phil Schroeder
Batting: RHB Artie Green 0-0: Ball
1-0: Called Strike
1-1: Swinging Strike
1-2: Foul Ball, location: 2F
1-2: Ball
2-2: Foul Ball, location: 2F
2-2: Ball
3-2: Foul Ball, location: 2F
3-2: Foul Ball, location: 2F
3-2: Foul Ball, location: 2F
3-2: Strikes out swinging
Batting: RHB Chase Mueller 0-0: Ball
1-0: Ball
2-0: SOLO HOME RUN (Flyball, 89XD), Distance : 425 ft
Batting: LHB John Foster 0-0: Foul Ball, location: 2F
0-1: Ball
1-1: Ball
2-1: SINGLE (Line Drive, 56D)
Batting: LHB Mark Folger 0-0: Ground out U3 (Groundball, 3S)
John Foster to second
Batting: RHB David Crespo 0-0: Swinging Strike
0-1: Hit by Pitch
Pitching: RHP Jeff Hansen
Batting: RHB Peyton Pennington 0-0: Foul Ball, location: 2F
0-1: Called Strike
0-2: Ball
1-2: Ball
2-2: SINGLE (Groundball, 34D)
John Foster to third
David Crespo to second
Runner from 3rd tries for Home, SAFE, no throw
Pinch Hitting: RHB Dave Wookey 0-0: Swinging Strike
0-1: Ground out 6-3 (Groundball, 6MD)
Top of the 9th over - 2 run(s), 3 hit(s), 0 error(s), 2 left on base; Memphis 3 - Salem 6
Thursday, March 30th, 2017 - OOTP Baseball 17.12 Build 75